 Dungeon Sprint DCSS version 0.27-a0-1232-gc6a4cbde82 (webtiles) character file.

Game seed: 2255142462705164733

7968 night the Destroyer (level 11, -3/66 (84) HPs)
             Began as a Demonspawn Fire Elementalist on June 8, 2021.
             Was an Initiate of Gozag.
             Slain by a nagaraja
             ... wielding a +2 vorpal halberd
              (14 damage)
             ... in the Dungeon (Sprint V: "Ziggurat Sprint").
             The game lasted 00:12:29 (1336 turns).

night the Destroyer (Demonspawn Fire Elementalist)  Turns: 1336, Time: 00:12:30

HP:   -3/66 (84)    AC: 23    Str: 16    XL:     11   Next: 3%
MP:   23/28         EV:  5    Int: 22    God:    Gozag
Gold: 4104          SH:  6    Dex: 14    Spells: 28/36 levels left

rFire    + + .     SeeInvis +   I - +14 obsidian axe {vorpal, Drain Fly SInv}
rCold    x . .     Faith    .   k - +3 buckler
rNeg     . . .     Spirit   .   b - +5 fire dragon scales
rPois    .         Reflect  .   (no helmet)
rElec    .         Harm     .   (no cloak)
rCorr    .         Rampage  .   (no gloves)
Will     .....     NoTele   +   (no boots)
Stlth    ..........             B - amulet of magic regeneration
HPRegen  0.21/turn              E - +6 ring of strength
MPRegen  0.46/turn              N - ring "Veucupeq" {AC+4 Int+4 Slay+4}

@: lethally poisoned (-3 -> -21), sanguine armoured, flying, mesmerised, very
slightly contaminated, constricted, heavily drained
A: claws 2, powered by pain 1, sanguine armour 1, demonic magic 2
a: Renounce Religion, Potion Petition, Call Merchant, Bribe Branch


You were in the Dungeon.
You worshipped Gozag.
Gozag was most pleased with you.
You visited 1 branch You collected 4104 gold pieces.

Inventory:

Hand Weapons
 H - the +6 Majin-Bo {vamp, MP+6 Int+6}
   (You found it in the Dungeon)

   It inflicts no extra harm, but heals its wielder when it wounds a living foe.
   It affects your intelligence (+6).
   It affects your magic capacity (+6).
 I - the +14 obsidian axe (weapon) {vorpal, Drain Fly SInv}
   (You found it in the Dungeon)

   It inflicts extra damage upon your enemies.
   It lets you see invisible.
   It grants you flight.
   It drains your maximum health when unequipped.
 J - the +7 Singing Sword {vorpal, sonic wave}
   (You found it in the Dungeon)

   It inflicts extra damage upon your enemies.
 K - the +5 sword of Power {vorpal}
   (You found it in the Dungeon)

   It inflicts extra damage upon your enemies.
 L - the +9 sword of Zonguldrok {reap}
   (You found it in the Dungeon)

   If a monster killed with it leaves a corpse in good enough shape, the corpse
   is reanimated as a zombie friendly to the killer.
 M - a +5 demon blade
 Q - the +8 frozen axe "Frostbite" {freezing cloud, *Noise Fly rC+}
   (You found it in the Dungeon)

   It has been specially enchanted to freeze those struck by it, causing extra
   injury to most foes and up to half again as much damage against particularly
   susceptible opponents.
   It can also slow down cold-blooded creatures.
   It protects you from cold.
   It grants you flight.
   It may make noises in combat.
 X - a +2 double sword of freezing
Armour
 b - +5 fire dragon scales (worn)
 i - +5 gold dragon scales
 j - +5 ice dragon scales
 k - a +3 buckler (worn)
 l - a +3 kite shield
 m - a +3 tower shield
Magical Staves
 W - a staff of air
Jewellery
 a - a ring of protection from cold
 q - the ring "Towuni Zipt" {rN+ Dex+6}
   (You found it in the Dungeon)

   [ring of dexterity]

   It affects your dexterity (+6).
   It protects you from negative energy.
 z - a ring of protection from fire
 A - a ring of wizardry
 B - an amulet of magic regeneration (around neck)
 C - a +6 ring of intelligence
 D - a +6 ring of intelligence
 E - a +6 ring of strength (left claw)
 F - a +6 ring of strength
 N - the ring "Veucupeq" (right claw) {AC+4 Int+4 Slay+4}
   (You found it in the Dungeon)

   [ring of protection]

   It affects your AC (+4).
   It affects your intelligence (+4).
   It affects your accuracy and damage with ranged weapons and melee attacks
   (+4).
 O - a ring of protection from fire
 P - a +4 ring of evasion
 R - the ring of Sin {Will+ Int+5}
   (You found it in the Dungeon)

   [ring of willpower]

   It affects your intelligence (+5).
   It increases your willpower.
 U - the amulet "Namn" {Spirit SInv}
   (You found it in the Dungeon)

   [amulet of guardian spirit]

   It causes incoming damage to be divided between your reserves of health and
   magic.
   It lets you see invisible.
 Z - an amulet of the acrobat
Wands
 w - a wand of mindburst (7)
 x - a wand of iceblast (7)
 y - a wand of acid (7)
Scrolls
 h - 4 scrolls of blinking
 s - 4 scrolls of amnesia
 t - 7 scrolls of fog
 u - 5 scrolls of identify
 v - 2 scrolls of fear
 V - a scroll of brand weapon
Potions
 c - 10 potions of curing
 d - 10 potions of heal wounds
 e - 5 potions of haste
 f - 7 potions of magic
 g - 2 potions of berserk rage
 n - 3 potions of brilliance
 o - 2 potions of invisibility
 p - 4 potions of resistance
 r - 5 potions of might
 Y - a potion of flight {unknown}
Miscellaneous
 G - a lightning rod (4/4)
 S - a phial of floods
 T - a lightning rod (4/4)


   Skills:
 + Level 7.3 Fighting
 + Level 6.6 Long Blades
 - Level 1.7 Dodging
 - Level 1.7 Stealth
 - Level 13.0 Spellcasting
 - Level 13.9 Conjurations
 + Level 4.3 Necromancy
 - Level 13.1 Fire Magic


You had 28 spell levels left.
You knew the following spells:

 Your Spells              Type           Power      Damage    Failure   Level
a - Foxfire               Conj/Fire      100%       2x1d9     1%          1
b - Fireball              Conj/Fire      32%        3d14      4%          5
c - Sublimation of Blood  Necr           16%        N/A       10%         2

Your spell library contained the following spells:

 Spells                   Type           Power      Damage    Failure   Level
 Magic Dart               Conj           100%       1d8       1%          1
 Conjure Flame            Conj/Fire      65%        6-21      1%          3
 Sticky Flame             Conj/Fire      65%        2d8       1%          4
 Shock                    Conj/Air       100%       1d9       2%          1
 Static Discharge         Conj/Air       45%        N/A       3%          2
 Stone Arrow              Conj/Erth      90%        3d12      7%          3
 Inner Flame              Hex/Fire       43%        N/A       8%          3
 Mephitic Cloud           Conj/Pois/Air  34%        N/A       17%         3
 Corpse Rot               Necr/Air       N/A        N/A       24%         2
 Bolt of Magma            Conj/Fire/Erth 26%        4d12      26%         5
 Corona                   Hex            15%        N/A       36%         1
 Sandblast                Erth           28%        2d8       36%         1
 Sting                    Tmut/Pois      56%        1d5       36%         1
 Blink                    Tloc           N/A        N/A       50%         2
 Call Imp                 Summ           14%        N/A       50%         2
 Passwall                 Tmut/Erth      11%        N/A       50%         2
 Slow                     Hex            14%        N/A       50%         2
 Lightning Bolt           Conj/Air       22%        1d38      52%         5
 Animate Dead             Necr           16%        N/A       54%         4
 Dispel Undead            Necr           33%        3d14      54%         4
 Portal Projectile        Hex/Tloc       28%        N/A       75%         3
 Spider Form              Tmut/Pois      7%         N/A       75%         3
 Swiftness                Air            14%        N/A       75%         3
 Agony                    Necr           33%        N/A       87%         5
 Excruciating Wounds      Necr           16%        N/A       87%         5
 Airstrike                Air            7%         N/A       98%         4
 Animate Armour           Summ/Erth      28%        N/A       98%         4
 Cause Fear               Hex            7%         N/A       98%         4
 Leda's Liquefaction      Hex/Erth       7%         N/A       98%         4
 Petrify                  Tmut/Erth      14%        N/A       98%         4
 Iron Shot                Conj/Erth      22%        9d5       98%         6
 Borgnjor's Vile Clutch   Necr/Erth      11%        N/A       99%         5
 Lee's Rapid Deconstruct  Erth           7%         3d7*      100%        5
 Death Channel            Necr           16%        N/A       100%        6
 Dispersal                Tloc           7%         N/A       100%        6
 Eringya's Noxious Bog    Tmut/Pois      7%         N/A       100%        6
 Simulacrum               Ice/Necr       11%        N/A       100%        6
 Statue Form              Tmut/Erth      9%         N/A       100%        6
 Shatter                  Erth           7%         3d9*      100%        9


Dungeon Overview and Level Annotations

Branches:
Dungeon (1/1)

Altars:
Ashenzari
Cheibriados
Dithmenos
Elyvilon
Fedhas
Gozag
Hepliaklqana
Kikubaaqudgha
Makhleb
Nemelex Xobeh
Okawaru
Qazlal
Ru
Sif Muna
Trog
Uskayaw
Vehumet
Wu Jian
Xom
Yredelemnul
Zin
The Shining One
Beogh
Jiyva
Lugonu


Innate Abilities, Weirdness & Mutations

You have very sharp fingernails.
You sometimes gain a little power by taking damage.
When seriously injured, your bleeding wounds create armour. (AC +6)
Spells you cast may paralyse nearby enemies.


Message History

The naga mage spits poison at you.
The splash of poison hits you but does no damage.
You are poisoned.
Really wield
I - the +14 obsidian axe {vorpal, Drain Fly SInv}?
The Singing Sword sighs.
You fly up into the air.
I - the +14 obsidian axe (weapon)
{vorpal, Drain Fly SInv} Visions of slaying the anaconda flood into your mind.
You feel sick. The anaconda bites you.
Your blood congeals into armour.
The anaconda constricts you.
You miss the anaconda.
The anaconda is moderately wounded.
You slash the naga mage!
You feel sick.
The anaconda bites you but does no damage.
The anaconda constricts you.
The guardian serpent casts a spell at you.
The naga mage hits you but does no damage.
You block the anaconda's attack. The anaconda constricts you.
You block the nagaraja's attack.
The naga mage points at the nagaraja and mumbles some strange words.
The nagaraja seems to grow toxic.
The anaconda bites you but does no damage.
The anaconda constricts you.
You miss the anaconda.
The anaconda is moderately wounded.
You slash the naga mage!
You feel sick. The anaconda bites you! The anaconda constricts you.
The nagaraja hits you from afar with a +2 vorpal halberd!!
* * * LOW HITPOINT WARNING * * *
x2 The guardian serpent coils itself and waves its upper body at you.
The bolt of poison hits the naga mage.
The naga mage is poisoned.
The bolt of poison hits you but does no damage.
You are lethally poisoned!
The anaconda bites you but does no damage.
The anaconda constricts you. The naga mage spits poison at you.
You block the splash of poison.
The nagaraja hits you from afar with a +2 vorpal halberd!
You die...
Your body crumbles into a pile of gold.

▓..}..[)
▓..|=}=}..▓..)..}.
▓.........▓...=...
▓.....N...▓.......
▓.........▓...)...
▓SN.......▓.......
▓SNN......▓.......
▓N▓SN...▓.▓.▓.....
▓@SSN©....▓....©..
▓▓▓▓▓▓▓▓▓▓▓▓▓▓▓▓▓▓


You could see a nagaraja (fast, curare), an anaconda (mesmerising), a guardian
serpent, 2 naga magi, 2 water moccasins, 2 nagas and an adder.

Vanquished Creatures
  Erolcha (D)
  A spriggan druid (D)
  A wolf spider (D)
  4 toenail golems (D)
  An ice devil (D)
  A freezing wraith (D)
  A redback (D)
  A flying skull (D)
  A wraith (D)
  A spriggan (D)
  2 fire elementals (D)
  Edmund (D)
  Duvessa (D)
  A hell hound (D)
  A black bear (D)
  5 wolves (D)
  Blork the orc (D)
  2 scorpions (D)
  A wight (D)
  Jessica (D)
  2 adders (D)
  An ufetubus (D)
  An adder zombie (D)
  An adder skeleton (D)
  A ball python (D)
  2 bat skeletons (D)
  A ball python skeleton (D)
  A ball python zombie (D)
  A giant cockroach zombie (D)
  2 jackal skeletons (D)
  2 jackal zombies (D)
44 creatures vanquished.

Vanquished Creatures (collateral kills)
  Erica (D)
  A skeletal warrior (D)
  2 hornets (D)
  2 spriggans (D)
  Sigmund (D)
  2 black bears (D)
  A necrophage (D)
  2 wolves (D)
  2 scorpions (D)
  Dowan (D)
  2 wights (D)
  Crazy Yiuf (D)
  An adder zombie (D)
  An adder skeleton (D)
  A bat zombie (D)
21 creatures vanquished.

Vanquished Creatures (others)
  A fire vortex (D)
1 creature vanquished.

Grand Total: 66 creatures vanquished

Notes
Turn   | Place    | Note
-------+----------+-------------------------------------------
     0 | D        | night the Demonspawn Fire Elementalist began the quest for
                  | the Orb.
     0 | D        | Reached XP level 1. HP: 13/13 MP: 3/3
     3 | D        | Found a blossoming altar of Fedhas.
     4 | D        | Found the +6 Majin-Bo {vamp, MP+6 Int+6}
     4 | D        | Found the +9 heavy crossbow "Sniper" {vorpal, Acc+∞ SInv}
     4 | D        | Found the +10 dark maul {vorpal}
     4 | D        | Found the +15 Maxwell's patent armour {-Cast -Tele rElec
                  | Will+ rCorr}
     4 | D        | Found the +18 shield of the Gong {rElec rN+ Will+ EV-5}
     4 | D        | Found the +14 obsidian axe {vorpal, Drain Fly SInv}
     4 | D        | Found the +7 great mace "Firestarter" {inner flame, rF++}
     4 | D        | Found the +6 shillelagh "Devastator" {shatter}
     4 | D        | Found the +11 plutonium sword {Contam Stlth-}
     4 | D        | Found the +8 lance "Wyrmbane" {slay drac, rPois rF+ rC+
                  | AC+3}
     4 | D        | Found the +9 sword of Zonguldrok {reap}
     4 | D        | Found the +13 scythe of Curses {drain, Drain}
     4 | D        | Found the +5 sword of Power {vorpal}
     4 | D        | Found the +7 mace of Variability {chain chaos}
     4 | D        | Found the +7 Singing Sword {vorpal, sonic wave}
     4 | D        | Found the +8 storm bow {elec, penet}
     7 | D        | Found a shimmering blue altar of Sif Muna.
     7 | D        | Found a sacrificial altar of Ru.
     7 | D        | Found a bloodstained altar of Trog.
     7 | D        | Found a stormy altar of Qazlal.
     7 | D        | Found an iron altar of Okawaru.
     7 | D        | Found a sparkling altar of Nemelex Xobeh.
     9 | D        | Found a transporter.
     9 | D        | Found an ancient bone altar of Kikubaaqudgha.
     9 | D        | Found a viscous altar of Jiyva.
     9 | D        | Found a corrupted altar of Lugonu.
     9 | D        | Found a hazy altar of Hepliaklqana.
     9 | D        | Found a burning altar of Makhleb.
     9 | D        | Found an opulent altar of Gozag.
    67 | D        | Became a worshipper of Gozag Ym Sagoz the Greedy
    82 | D        | Entered arena 2.
    82 | D        | Found a transporter.
    85 | D        | Reached skill level 2 in Conjurations
    86 | D        | Gained mutation: Spells you cast may paralyse adjacent
                  | enemies. [demonic ancestry]
    86 | D        | Reached XP level 2. HP: 19/19 MP: 3/5
    92 | D        | Got the ring "Veucupeq" {AC+4 Int+4 Slay+4}
   111 | D        | Entered arena 3.
   111 | D        | Found a transporter.
   119 | D        | Gained mutation: When seriously injured, your bleeding
                  | wounds create armour. (AC +6) [demonic ancestry]
   119 | D        | Reached XP level 3. HP: 19/24 MP: 6/8
   128 | D        | Got the Grimoire of the Bewitching Traveller
   223 | D        | Entered arena 4.
   223 | D        | Noticed a hell hound
   223 | D        | Noticed a fire elemental
   223 | D        | Noticed a fire elemental
   223 | D        | Found a transporter.
   227 | D        | Killed a fire elemental
   228 | D        | Reached skill level 5 in Spellcasting
   228 | D        | Reached XP level 4. HP: 10/30 MP: 8/11
   228 | D        | Gained mutation: Spells you cast may paralyse nearby
                  | enemies. [demonic ancestry]
   228 | D        | Reached XP level 5. HP: 12/35 MP: 9/13
   228 | D        | Killed a hell hound
   229 | D        | Reached XP level 6. HP: 10/41 MP: 9/15
   229 | D        | Killed a fire elemental
   242 | D        | Got the Volume of Poisoning and the Arsonist
   464 | D        | Reached skill level 5 in Fighting
   464 | D        | Reached skill level 5 in Long Blades
   464 | D        | Gained mutation: You have sharp fingernails. [demonic
                  | ancestry]
   464 | D        | Reached XP level 7. HP: 57/57 MP: 18/18
   466 | D        | Entered arena 5.
   466 | D        | Noticed a toenail golem
   466 | D        | Noticed a toenail golem
   466 | D        | Noticed a toenail golem
   466 | D        | Noticed a toenail golem
   466 | D        | Found a transporter.
   467 | D        | Found the +8 frozen axe "Frostbite" {freezing cloud, *Noise
                  | Fly rC+}
   471 | D        | Killed a toenail golem
   472 | D        | Reached XP level 8. HP: 64/64 MP: 18/20
   473 | D        | Killed a toenail golem
   474 | D        | Killed a toenail golem
   475 | D        | Reached skill level 10 in Conjurations
   475 | D        | Killed a toenail golem
   476 | D        | Reached skill level 10 in Spellcasting
   476 | D        | Reached skill level 10 in Fire Magic
   476 | D        | Reached XP level 9. HP: 69/69 MP: 18/23
   486 | D        | Got the ring "Towuni Zipt" {rN+ Dex+6}
   513 | D        | Learned a level 5 spell: Fireball
   513 | D        | Entered arena 6.
   513 | D        | Found a transporter.
   526 | D        | Got the ring of Sin {Will+ Int+5}
   535 | D        | Learned a level 2 spell: Sublimation of Blood
   537 | D        | Entered arena 7.
   537 | D        | Noticed a wolf spider
   538 | D        | Found a transporter.
   541 | D        | Killed a wolf spider
   558 | D        | HP: 10/69 [poisoned by a redback]
   568 | D        | Got the amulet "Namn" {Spirit SInv}
   862 | D        | Entered arena 8.
   873 | D        | Reached skill level 12 in Conjurations
   875 | D        | Found a transporter.
   979 | D        | Entered arena 9.
   980 | D        | Found a transporter.
  1004 | D        | Entered arena 10.
  1004 | D        | Noticed a spriggan druid
  1004 | D        | Noticed a spriggan rider
  1004 | D        | Noticed a spriggan rider
  1007 | D        | Killed a spriggan druid
  1008 | D        | Reached skill level 12 in Spellcasting
  1008 | D        | Reached skill level 12 in Fire Magic
  1008 | D        | Gained mutation: You have very sharp fingernails. [demonic
                  | ancestry]
  1008 | D        | Reached XP level 10. HP: 75/76 MP: 9/26
  1008 | D        | Found a transporter.
  1087 | D        | Entered arena 11.
  1087 | D        | Noticed Sigmund
  1087 | D        | Noticed Jessica
  1087 | D        | Noticed Blork the orc
  1087 | D        | Noticed Crazy Yiuf
  1087 | D        | Noticed Dowan
  1087 | D        | Noticed Duvessa
  1087 | D        | Noticed Edmund
  1087 | D        | Noticed Erica
  1087 | D        | Noticed Erolcha
  1089 | D        | Killed Edmund
  1090 | D        | Killed Jessica
  1090 | D        | Killed Duvessa
  1091 | D        | Killed Blork the orc
  1091 | D        | Killed Erolcha
  1091 | D        | Killed Crazy Yiuf
  1092 | D        | Found a transporter.
  1093 | D        | Killed Erica
  1096 | D        | Killed Sigmund
  1096 | D        | Killed Dowan
  1130 | D        | Got the amulet of Woecadgh {Spirit Str+3 Int+6}
  1192 | D        | Entered arena 12.
  1192 | D        | Noticed a skeletal warrior
  1195 | D        | Killed a skeletal warrior
  1197 | D        | Gained mutation: You sometimes gain a little power by
                  | taking damage. [demonic ancestry]
  1197 | D        | Reached XP level 11. HP: 84/84 MP: 7/28
  1199 | D        | Found a transporter.
  1325 | D        | Entered arena 13.
  1325 | D        | Noticed a nagaraja
  1325 | D        | Noticed an anaconda
  1336 | D        | Slain by a nagaraja

Illustrated notes

Levels and vault maps discovered:
D:        sprint_v [room_start, room_1, room_2, room_3, room_4, room_5, room_6,
          room_7, room_8, room_9, room_10, room_11, room_12, room_13, room_14,
          room_15, room_16, room_17, room_18, room_19, room_20, room_21,
          room_22, room_23, room_24, room_25, room_26, room_27]

Skill      XL: |  1  2  3  4  5  6  7  8  9 10 |
---------------+-------------------------------+-----
Conjurations   | 2 3 6 7 8 9 10 12 13 | 13.9
Fire Magic     | 3 4 6 7 8 10 12 13 | 13.1
Spellcasting   | 3 5 6 7 8 10 12 13 | 13.0
Fighting       | 5 7 |  7.3
Long Blades    | 5 6 |  6.6
Necromancy     | 4 |  4.3
Dodging        | |  1.7
Stealth        | |  1.7

Action                   |  1- 3 |  4- 6 |  7- 9 | 10-12 || total
-------------------------+-------+-------+-------+-------++-------
Melee: Broad axe         |    11 |     2 |    24 |     6 ||    43
       Double sword      |       |       |       |     1 ||     1
 Cast: Fireball          |       |       |     4 |    10 ||    14
  Use: Potion            |       |     1 |     2 |       ||     3
Armor: Fire dragon scale |    14 |     2 |    29 |    17 ||    62
Dodge: Dodged            |     7 |       |    10 |     3 ||    20
Block: Buckler           |     6 |       |    16 |     4 ||    26

Table legend: (Time is in decaauts)
 A = Elapsed time spent in this place.
 B = Non-inter-level travel time spent in this place.
 C = Inter-level travel time spent in this place.
 D = Time resting spent in this place.
 E = Time spent auto-exploring this place.
 F = Levels seen in this place.
 G = Mean time per level.
                   A        B        C        D        E       F      G
               +--------+--------+--------+--------+--------+-----+--------+
         Total |   1346 |   1339 |      7 |    850 |      0 |   1 | 1346.0 |
       Dungeon |   1346 |   1339 |      7 |    850 |      0 |   1 | 1346.0 |
               +--------+--------+--------+--------+--------+-----+--------+

Top non-repeatable levels by time:
       D: 1346 daAuts
